 Dungeon Crawl Stone Soup version 0.28-a0-1415-g7c84da036a (webtiles) character file.

Game seed: 2938287996146794712

253 southernslant the Skirmisher (level 6, 0/38 HPs)
             Began as a Gargoyle Gladiator on Jan 8, 2022.
             Slain by Pikel (5 damage)
             ... on level 5 of the Dungeon.
             The game lasted 00:09:41 (3861 turns).

southernslant the Skirmisher (Gargoyle Gladiator)   Turns: 3861, Time: 00:09:42

Health: 0/38       AC:  7    Str: 22    XL:     6   Next: 14%
Magic:  6/6        EV: 12    Int:  8    God:
Gold:   276        SH:  0    Dex: 11    Spells: 5/5 levels left

rFire   . . .      SeeInvis .   a - +0 trident
rCold   . . .      Faith    .   (no shield)
rNeg    + . .      Spirit   .   b - +0 leather armour
rPois   ∞          Reflect  .   (helmet restricted)
rElec   +          Harm     .   (no cloak)
rCorr   .          Rampage  .   (no gloves)
Will    .....                   (no boots)
Stlth   +.........              (no amulet)
HPRegen 0.12/turn               (no ring)
MPRegen 0.10/turn               (no ring)

@: no status effects
A: sickness immunity, AC +4, negative energy resistance 1, electricity
resistance, torment resistance 1, petrification resistance, antennae 1, strong 1
a: no special abilities


You were on level 5 of the Dungeon.
You visited 1 branch of the dungeon, and saw 5 of its levels.
You also visited: Sewer.

You collected 276 gold pieces.

Inventory:

Hand Weapons
 a - a +0 trident (weapon)
Missiles
 d - 3 throwing nets
 j - 10 poisoned darts
 o - 97 stones
 r - 3 boomerangs
 v - 4 curare-tipped darts (quivered)
Armour
 b - a +0 leather armour (worn)
 c - a +0 helmet
Jewellery
 k - a ring of resist corrosion
Wands
 w - a wand of acid (12)
Scrolls
 e - 2 scrolls of amnesia {unknown}
 f - 4 scrolls of teleportation {unknown}
 g - 3 scrolls of enchant armour {unknown}
 h - 7 scrolls of identify {unknown}
 i - a scroll of fog {unknown}
 m - a scroll of blinking {unknown}
 n - a scroll of holy word {unknown}
 p - a scroll of brand weapon {unknown}
 s - a scroll of vulnerability {unknown}
 t - a scroll of noise {unknown}
Potions
 l - a potion of haste {unknown}
 q - a potion of ambrosia
 u - 2 potions of heal wounds {unknown}
 x - a potion of might
 z - 2 potions of attraction {unknown}


   Skills:
 * Level 4.0 Fighting
 + Level 3.4 Polearms
 + Level 2.6 Throwing
 * Level 3.1 Armour
 + Level 3.0 Dodging


You had 5 spell levels left.
You didn't know any spells.
Your spell library contained the following spells:

 Spells                   Type           Power      Damage    Failure   Level
 Sting                    Tmut/Pois      0%         1d3       45%         1
 Poisonous Vapours        Pois/Air       0%         N/A       58%         2
 Gell's Gravitas          Tloc           0%         N/A       83%         3
 Lesser Beckoning         Tloc           0%         N/A       83%         3
 Ozocubu's Armour         Ice            0%         N/A       83%         3
 Teleport Other           Tloc           0%         N/A       83%         3
 Hailstorm                Conj/Ice       0%         3d3       99%         4
 Ice Form                 Ice/Tmut       0%         N/A       99%         4
 Olgreb's Toxic Radiance  Pois           0%         N/A       99%         4
 Metabolic Englaciation   Hex/Ice        0%         N/A       100%        5
 Simulacrum               Ice/Necr       0%         N/A       100%        6


Dungeon Overview and Level Annotations

Branches:
Dungeon (5/15)              Sewer (visited)
 Temple: D:4-7

Altars:
Ashenzari
Trog
Yredelemnul

Annotations:
D:4 3 runed translucent doors, SensoryNuts's ghost, amateur DrTm
D:5 Pikel


Innate Abilities, Weirdness & Mutations

You are immune to sickness and miasma.
Your stone body is resilient. (AC +4)
You are immune to poison.
You resist negative energy. (rN+)
You are resistant to electric shocks. (rElec)
You are resistant to unholy torment.
You are immune to petrification.
You have a pair of small antennae on your head.
Your muscles are strong. (Str +2)


Message History

You closely miss Pikel.
Pikel is moderately wounded.
Pikel hits you with a +2 whip of flaming.
Pikel burns you. Pikel barely misses you.
You hit Pikel.
Pikel is moderately wounded.
Pikel barely misses you.
You puncture Pikel!
Pikel is severely wounded.
Pikel hits you with a +2 whip of flaming.
Pikel burns you.
You hit Pikel but do no damage.
Pikel is severely wounded.
Pikel barely misses you.
You hit Pikel but do no damage.
Pikel is severely wounded.
Pikel hits you with a +2 whip of flaming.
Pikel burns you.
You hit Pikel.
Pikel is almost dead.
The lemure is no longer moving slowly.
Pikel cracks his whip.
Pikel barely misses you.
You hit Pikel but do no damage.
Pikel is almost dead.
Pikel hits you with a +2 whip of flaming.
* * * LOW HITPOINT WARNING * * *
Pikel burns you.
* * * LOW HITPOINT WARNING * * *
You closely miss Pikel.
Pikel is almost dead.
Pikel hits you with a +2 whip of flaming.
* * * LOW HITPOINT WARNING * * *
Pikel burns you.
* * * LOW HITPOINT WARNING * * *
You hit Pikel but do no damage.
Pikel is almost dead.
The lemure is no longer moving slowly.
Pikel hits you with a +2 whip of flaming.
You die...

#..####...#
#.........###
####............
#.....##.##.####
#####.##....# .
#.#####.#
<####.#####.######
.#......##.......#
.#.##.#.##...###@#
.#.##.#.#.....##K#####
.<....#.##.....555...#
##.####.#.......(..#.#
......#....####.(..#.#
##.##.###.. ##(....#
#.# # #.. #(.....# #.#
#.. #..(...# .#.
##...#.#


You could see Pikel (poisoned) and 3 lemures.

Vanquished Creatures
  Pargi (Sewer)
  A lemure (D:5)
  A centaur zombie (D:4)
  A hound zombie (D:4)
  A hound skeleton (D:4)
  2 adders
  A worm (D:3)
  3 dart slugs
  9 orcs
  4 endoplasms
  3 giant cockroaches
  5 goblins
  7 hobgoblins
  A jackal (D:2)
  9 ball pythons
  7 bats
  3 frilled lizards
  5 kobolds
  5 rats
69 creatures vanquished.

Notes
Turn   | Place    | Note
-------+----------+-------------------------------------------
     0 | D:1      | southernslant the Gargoyle Gladiator began the quest for
                  | the Orb.
     0 | D:1      | Reached XP level 1. HP: 12/12 MP: 1/1
   160 | D:1      | Reached XP level 2. HP: 11/18 MP: 2/2
   323 | D:1      | Found a faded altar of an unknown god.
   381 | D:1      | Reached skill level 1 in Armour
  1051 | D:2      | Reached XP level 3. HP: 20/22 MP: 3/3
  1910 | D:3      | Reached skill level 3 in Fighting
  1938 | D:3      | Reached XP level 4. HP: 26/28 MP: 4/4
  2219 | D:3      | Found a bloodstained altar of Trog.
  2474 | D:3      | Found a glowing drain.
  2485 | Sewer    | Entered a sewer
  2513 | Sewer    | Noticed Pargi
  2536 | Sewer    | Gained mutation: You have a pair of small antennae on your
                  | head. [potion of mutation]
  2536 | Sewer    | Gained mutation: Your muscles are strong. (Str +2) [potion
                  | of mutation]
  2543 | Sewer    | Killed Pargi
  2544 | Sewer    | Reached XP level 5. HP: 27/33 MP: 5/5
  3209 | D:4      | Found a broken altar of Ashenzari.
  3458 | D:4      | Found a runed translucent gate.
  3458 | D:4      | Found a runed translucent gate.
  3458 | D:4      | Found a runed translucent gate.
  3458 | D:4      | Noticed SensoryNuts's ghost (amateur DrTm)
  3461 | D:4      | Found a basalt altar of Yredelemnul.
  3470 | D:4      | Reached skill level 4 in Fighting
  3470 | D:4      | Reached XP level 6. HP: 37/38 MP: 6/6
  3801 | D:5      | Entered Level 5 of the Dungeon
  3841 | D:5      | Noticed Pikel
  3861 | D:5      | Slain by Pikel

Illustrated notes

Levels and vault maps discovered:
D:1:      lemuel_arrival_lava_pool, layout_loops_ring,
          ebering_ecumenical_altar_sacrificial
D:2:      layout_basic, minmay_joined_circles
D:3:      layout_loops_cross, mainiacjoe_overflow_boulevard,
          portal_sewer_entry_b, kennysheep_nondescript, lemuel_old_faithful
D:4:      layout_basic, amcnicky_altar_gilded, nicolae_yredelemnul_ghost_church
D:5:      corexii_shack_village, layout_loops_corners, dk_vineyard_2,
          chequers_serial_rivers_small_b, hangedman_decor_growths, uniq_pikel

Skill      XL: |  1  2  3  4  5 |
---------------+----------------+-----
Armour         | 1 2 3 |  3.1
Throwing       | 2 |  2.6
Fighting       | 3 4 |  4.0
Polearms       | 3 |  3.4
Dodging        | 3 |  3.0

Action                   |  1- 3 |  4- 6 || total
-------------------------+-------+-------++-------
Melee: Trident           |   105 |   129 ||   234
       Punch             |     2 |     3 ||     5
Throw: Throwing net      |       |     3 ||     3
       Dart              |       |    15 ||    15
  Use: Potion            |       |     3 ||     3
 Stab: Sleeping          |     1 |       ||     1
Armor: Leather armour    |    25 |    62 ||    87
Dodge: Dodged            |    45 |   100 ||   145

Table legend: (Time is in decaauts)
 A = Elapsed time spent in this place.
 B = Non-inter-level travel time spent in this place.
 C = Inter-level travel time spent in this place.
 D = Time resting spent in this place.
 E = Time spent auto-exploring this place.
 F = Levels seen in this place.
 G = Mean time per level.
                   A        B        C        D        E       F      G
               +--------+--------+--------+--------+--------+-----+--------+
         Total |   3908 |   3850 |     58 |      0 |   3077 |   6 |  651.3 |
       Dungeon |   3715 |   3657 |     58 |      0 |   2941 |   5 |  743.0 |
         Sewer |    193 |    193 |      0 |      0 |    136 |   1 |  193.0 |
               +--------+--------+--------+--------+--------+-----+--------+

Top non-repeatable levels by time:
     D:2: 1029 daAuts
     D:4: 920 daAuts
     D:1: 887 daAuts
     D:3: 817 daAuts
   Sewer: 193 daAuts
     D:5: 60 daAuts
